[Event "SWE-ch Juniors 2018"]
[Site "Ronneby"]
[Date "2018.07.08"]
[Round "9"]
[White "Sorensen, Hampus"]
[Black "Pantzar, Milton"]
[Result "1/2-1/2"]
[ECO "A50"]
[WhiteElo "2204"]
[BlackElo "2333"]
[Annotator "NA"]
[PlyCount "106"]
[EventDate "2018.06.30"]
[EventType "tourn"]
[EventCountry "SWE"]
[SourceTitle "playchess.com"]
[Source "ChessBase"]
[SourceQuality "1"]
[TimeControl "40/5400+30:1800+30"]

1. d4 Nf6 2. c4 b6 3. Nf3 Bb7 4. Nc3 e6 5. a3 d5 6. cxd5 Nxd5 7. Qc2 Nxc3 8. bxc3 Be7 9. e4 O-O 10. Bd3 c5 11. O-O Qc8 12. Qe2 Ba6 13. Rd1 Bxd3 {[%emt 0:04:29] E12: Queen's Indian: Unusual White 4th moves, 4 a3, 4 Nc3 Bb7 5 a3 and 4 Nc3 Bb7} 14. Rxd3 {[%emt 0:00:33] LiveBook: 77 Games} cxd4 15. cxd4 Rd8 16. h4 Nd7 17. Bg5 Bxg5 18. hxg5 Qa6 19. Rad1 Rac8 20. Qe3 {[%emt 0:04:10] [#]} Nf8 $146 ({Predecessor:} 20... Qa4 21. Qf4 {½-½ (34) Sokolov,I (2706)-Bologan,V (2679) Poikovsky 2004}) 21. Ne5 Ng6 22. Nxg6 hxg6 23. Qf4 Qa4 24. Qg4 Rc4 25. e5 Rd5 26. Kh2 Qc2 27. Qf3 Qb2 28. R1d2 Qa1 29. Rd1 Rc1 30. Rxc1 Qxc1 31. Qe3 Qc6 32. Rc3 Qd7 33. Rd3 Qa4 34. Qd2 Qc4 35. Qe3 Rd8 36. Qd2 Qd5 37. Qf4 Qc4 38. Qd2 b5 39. Kg1 Rd7 40. Qd1 a5 41. Qf3 Rd5 42. Qd1 Rd8 43. Kh2 $15 b4 44. axb4 axb4 45. g3 Qd5 46. Qc2 Ra8 47. Qc5 Qe4 48. Re3 Qb7 49. Rb3 Rb8 50. Qd6 Kh7 51. Qc5 Rh8 52. d5 Rc8 53. Rxb4 Rxc5 1/2-1/2

[Event "SWE-ch Juniors 2018"]
[Site "Ronneby"]
[Date "2018.07.08"]
[Round "9"]
[White "Emmoth, Alfons"]
[Black "Crevatin, Leo"]
[Result "1/2-1/2"]
[ECO "D45"]
[WhiteElo "2176"]
[BlackElo "2224"]
[Annotator "NA"]
[PlyCount "35"]
[EventDate "2018.06.30"]
[EventType "tourn"]
[EventCountry "SWE"]
[SourceTitle "playchess.com"]
[Source "ChessBase"]
[SourceQuality "1"]
[TimeControl "40/5400+30:1800+30"]

1. d4 d5 2. c4 e6 3. Nc3 c6 4. e3 Nf6 5. Nf3 Nbd7 6. Qc2 Bd6 7. Bd3 dxc4 8. Bxc4 O-O 9. O-O e5 10. Rd1 Qc7 11. h3 {[%emt 0:02:10] LiveBook: 8 Games D46: Semi-Slav: 5 e3 Nbd7 6 Bd3, Black avoids the Meran} h6 12. a3 a5 (12... Re8 13. Ba2 a6 14. b4 exd4 15. Nxd4 Nb6 16. Bb2 Qe7 17. Rd2 Bc7 18. Nf5 Bxf5 19. Qxf5 {½-½ (53) Parligras,M (2603)-Delchev,A (2588) Konya 2017}) 13. Ba2 Re8 14. Nh4 (14. dxe5 $14 Bxe5 15. Nxe5 Qxe5 16. e4) 14... Nf8 15. Nf5 $146 ({Predecessor:} 15. Bd2 e4 16. g4 Qe7 17. Ng2 N6h7 18. Nf4 Ng5 {½-½ (60) Hajnal,G (2096)-Lengyel,F (2296) Hungary 2001}) 15... Be6 16. Nxd6 Qxd6 17. Bxe6 Nxe6 $11 18. dxe5 1/2-1/2

[Event "SWE-ch Juniors 2018"]
[Site "Ronneby"]
[Date "2018.07.08"]
[Round "9"]
[White "Berglind, Axel"]
[Black "Carlsson, Ludvig"]
[Result "0-1"]
[ECO "A45"]
[WhiteElo "2096"]
[BlackElo "2169"]
[Annotator "NA"]
[PlyCount "50"]
[EventDate "2018.06.30"]
[EventType "tourn"]
[EventCountry "SWE"]
[SourceTitle "playchess.com"]
[Source "ChessBase"]
[SourceQuality "1"]
[TimeControl "40/5400+30:1800+30"]

1. d4 Nf6 2. Bg5 g6 3. Bxf6 exf6 4. g3 d5 5. Bg2 c6 6. Nf3 Bd6 7. O-O f5 8. c4 dxc4 9. Nfd2 Be6 10. Qc2 h5 11. Nxc4 Bc7 12. Rd1 h4 13. d5 cxd5 $14 14. Ne3 hxg3 15. hxg3 Nd7 16. Bxd5 Bb6 17. Bxe6 fxe6 18. Qd3 Qe7 19. Nc3 Qh7 20. Qxd7+ Qxd7 21. Rxd7 Kxd7 22. Nc4 Rh3 23. Kg2 Rah8 24. Ne5+ Ke8 25. Nf3 g5 0-1

[Event "SWE-ch Juniors 2018"]
[Site "Ronneby"]
[Date "2018.07.08"]
[Round "9"]
[White "Forsberg, Andre"]
[Black "Storme, Isak"]
[Result "1/2-1/2"]
[ECO "B56"]
[WhiteElo "2025"]
[BlackElo "2277"]
[Annotator "NA"]
[PlyCount "56"]
[EventDate "2018.06.30"]
[EventType "tourn"]
[EventCountry "SWE"]
[SourceTitle "playchess.com"]
[Source "ChessBase"]
[SourceQuality "1"]
[TimeControl "40/5400+30:1800+30"]

1. e4 c5 2. Nf3 Nc6 3. d4 cxd4 4. Nxd4 Nf6 5. Nc3 d6 6. f3 Nxd4 {[%emt 0:01:09] LiveBook: 76 Partien} (6... e5 $11 7. Nb3 Be6) 7. Qxd4 g6 {[%emt 0:00:09] B56: Classical Sicilian: Unusual Lines} 8. Bb5+ (8. Bg5 Bg7 9. Bb5+ Bd7 10. Bxd7+ Qxd7 11. O-O-O O-O 12. Qd3 Qe6 13. Kb1 Rfc8 14. h4 Rc4 15. Nd5 {½-½ (15) Kryvoruchko,Y (2628)-Miroshnichenko,E (2593) Kallithea 2008}) 8... Bd7 9. Bxd7+ Qxd7 10. Nd5 Bg7 11. Bg5 O-O (11... Nh5 $1 $11 12. Qd2 e6) 12. Nxf6+ exf6 13. Bxf6 Bxf6 14. Qxf6 Rac8 15. c3 d5 $146 16. O-O dxe4 17. fxe4 Rce8 18. Rad1 Qa4 19. a3 Qxe4 ({Black should try} 19... Rxe4 $11 20. Rd8 Ree8) 20. Rd7 Qe3+ 21. Qf2 Qxf2+ 22. Kxf2 Re6 23. Rxb7 Rd8 24. Kg3 f5 (24... Re2 $142) 25. c4 Rd2 $16 26. Rf2 Re3+ 27. Kf4 Re4+ 28. Kg3 Re3+ 1/2-1/2